 Dungeon Crawl Stone Soup version 0.32-a0-814-g0968bab981 (webtiles) character file.

Game seed: 7798963019535261439

12 Sabo the Charlatan (level 2, 0/21 HPs)
             Began as a Coglin Artificer on Mar 23, 2024.
             Frozen to death by an endoplasm (1 damage)
             ... on level 1 of the Dungeon.
             The game lasted 00:01:29 (287 turns).

Sabo the Charlatan (Coglin Artificer)                Turns: 287, Time: 00:01:30

Health: 0/21       AC:  8    Str: 12    XL:     2   Next: 33%
Magic:  2/2        EV:  5    Int: 10    God:
Gold:   9          SH:  0    Dex: 14    Spells: 1/1 levels left

rFire   . . .        a - +0 club {Albrecht}
rCold   . . .        f - +0 dagger {Malki}
rNeg    . . .        g - +0 chain mail
rPois   .            (no helmet)
rElec   .            (no cloak)
rCorr   .            (no gloves)
SInv    .            (no boots)
Will    .....        (amulet unavailable) Stlth
                     (ring unavailable)
HPRegen 0.23/turn    (ring unavailable)
MPRegen 0.08/turn    (no gizmo)

%: no passive effects
@: revved
A: off-hand wielding, slow wielding, warmup strikes, no jewellery
a: Invent Gizmo


You were on level 1 of the Dungeon.
You visited 1 branch of the dungeon, and saw 1 of its levels.

You collected 9 gold pieces.

Inventory:

Hand Weapons
 a - a +0 club (weapon) {Albrecht}
 f - a +0 dagger (offhand) {Malki}
Armour
 g - a +0 chain mail (worn)
Wands
 c - a wand of flame (15) (quivered)
 d - a wand of charming (15)
 e - a wand of iceblast (5)


   Skills:
 + Level 1.0 Fighting
 + Level 1.9 Armour
 + Level 0.8 Dodging
 + Level 0.7 Stealth
 + Level 4.8 Evocations


You had one spell level left.
You didn't know any spells.
Your spell library was empty.

Dungeon Overview and Level Annotations

Branches:
Dungeon (1/15)

Altars:


Innate Abilities, Weirdness & Mutations

You can wield a second weapon in your off-hand.
It takes a long time for you to wield or remove held weapons.
Your first few attacks do less damage.
You cannot equip rings or amulets.


Message History

You are frozen.
The endoplasm barely misses you.
The endoplasm hits you but does no damage.
The endoplasm completely misses you. The endoplasm freezes you.
You are frozen.
You hit the endoplasm with your +0 dagger.
The endoplasm is moderately wounded.
You hit the endoplasm but do no damage.
The endoplasm hits you but does no damage.
The endoplasm freezes you.
You are frozen.
You hit the endoplasm with your +0 dagger.
The endoplasm is almost dead.
You hit the endoplasm but do no damage. The endoplasm freezes you.
You are frozen.
* * * LOW HITPOINT WARNING * * *
The endoplasm hits you but does no damage.
You hit the endoplasm with your +0 club.
You kill the endoplasm!
The endoplasm freezes you.
You are frozen.
* * * LOW HITPOINT WARNING * * *
You hit the endoplasm but do no damage. x2; The endoplasm barely misses you.
Unknown command.
You hit the endoplasm with your +0 dagger.
The endoplasm is moderately wounded.
You hit the endoplasm but do no damage. The endoplasm freezes you.
You are frozen.
* * * LOW HITPOINT WARNING * * *
The endoplasm freezes you.
You are frozen.
* * * LOW HITPOINT WARNING * * *
You hit the endoplasm with your +0 dagger.
The endoplasm is severely wounded.
You hit the endoplasm with your +0 club.
The endoplasm freezes you.
You are frozen.
You die...

#.# #.# ### #.## #.# # ..
... #.# #. .. ..## #.# #
#. .##... ## ..# .# #..
....# ...
..####r.#####..##!..##.##
................#........
#...######### #.@.##.##
#...†.......# #..J#...###
###...#####.# #.#!.......
# ###.## #.# #.#.##.####
# #..# #.# #.#.......# #
##.####.# #.#...###.# #
#....#.# #...#.# #.# #
####.#.###...#.# #.# #
#....##...#.# #.#


You could see an endoplasm.

Vanquished Creatures
  5 endoplasms (D:1)
  2 hobgoblins (D:1)
  A quokka (D:1)
  2 rats (D:1)
10 creatures vanquished.

Notes
Turn   | Place    | Note
-------+----------+-------------------------------------------
     0 | D:1      | Sabo the Coglin Artificer began the quest for the Orb.
     0 | D:1      | Reached XP level 1. HP: 15/15 MP: 1/1
   114 | D:1      | Reached XP level 2. HP: 4/21 MP: 2/2
   286 | D:1      | HP: 1/21 [frozen (1)]
   287 | D:1      | Frozen to death by an endoplasm

Illustrated notes

Levels and vault maps discovered:
D:1:      lemuel_arrival_hallway, layout_basic, minmay_tromino_v4_c

Action                     || total
---------------------------++-------
  Melee: Club              ||    29
         Dagger            ||    28
 Armour: Leather armour    ||     8
         Chain mail        ||    12
  Dodge: Dodged            ||    19

Table legend: (Time is in decaauts)
 A = Elapsed time spent in this place.
 B = Non-inter-level travel time spent in this place.
 C = Inter-level travel time spent in this place.
 D = Time resting spent in this place.
 E = Time spent auto-exploring this place.
 F = Levels seen in this place.
 G = Mean time per level.
                   A        B        C        D        E       F      G
               +--------+--------+--------+--------+--------+-----+--------+
         Total |    291 |    291 |      0 |     70 |      0 |   1 |  291.0 |
       Dungeon |    291 |    291 |      0 |     70 |      0 |   1 |  291.0 |
               +--------+--------+--------+--------+--------+-----+--------+

Top non-repeatable levels by time:
     D:1: 291 daAuts
